 Dungeon Crawl Stone Soup version 0.27-a0-887-gcab673c142 (webtiles) character file.

Game seed: 15953417681726769260

1129 rageheart7 the Skirmisher (level 8, -1/62 HPs)
             Began as a Djinni Gladiator on Apr 5, 2021.
             Was an Initiate of Ashenzari.
             Slain by a wyvern zombie (14 damage)
             ... on level 6 of the Dungeon.
             The game lasted 00:09:21 (5946 turns).

rageheart7 the Skirmisher (Djinni Gladiator)        Turns: 5946, Time: 00:09:22

Health: -1/62      AC:  5    Str: 15    XL:     8   Next: 35%
Gold:   299        EV: 11    Int: 11    God:    Ashenzari [......] SH:  3 Dex: 14

rFire    + + .     SeeInvis .   t - staff of earth
rCold    x . .     Faith    .   j - +0 buckler
rNeg     . . .     Spirit   .   m - +0 troll leather armour "Visionary Insecurity" {Regen+, Self, Melee} (curse)
rPois    ∞         Reflect  .   c - +0 helmet
rElec    .         Harm     .   (no cloak)
rCorr    .         Rampage  .   (no gloves)
Will     .....                  (boots unavailable)
Stlth    +.........             (no amulet)
HPRegen  1.20/turn              u - ring of wizardry
MPRegen  0.00/turn              (no ring)

@: flying
A: fire resistance 2, cold vulnerability 1, float, innate caster, hp casting,
extra vitality 1
a: Renounce Religion, Shatter the Chains


You were on level 6 of the Dungeon.
You worshipped Ashenzari.
Ashenzari was noncommittal.
You visited 2 branches of the dungeon, and saw 7 of its levels.

You collected 299 gold pieces.

Inventory:

Hand Weapons
 p - a +4 war axe of holy wrath
Missiles
 d - 3 throwing nets
Armour
 c - a +0 helmet (worn)
 i - a +0 plate armour
 j - a +0 buckler (worn)
 m - the cursed +0 troll leather armour "Visionary Insecurity" (worn) {Regen+, Self, Melee}
   (You found it on level 3 of the Dungeon)

   It increases your rate of health regeneration.
   It has a curse which improves the following skills: Introspection: Fighting
   and Spellcasting.
   Melee Combat: Short Blades, Long Blades, Axes, Maces & Flails, Polearms,
   Staves and Unarmed Combat.
Magical Staves
 t - a staff of earth (weapon)
Jewellery
 u - a ring of wizardry (left hand)
Wands
 a - a wand of random effects (14)
Scrolls
 b - a scroll of brand weapon
 e - a scroll of teleportation
 h - a scroll of holy word
 k - a scroll of magic mapping
 l - a scroll of blinking
 q - a scroll of immolation
 r - a scroll of fear
Potions
 f - a potion of invisibility
 g - 2 potions of attraction
 n - 2 potions of haste
 o - a potion of ambrosia
 s - 2 potions of cancellation


   Skills:
 * Level 6.4(6.9) Fighting
 * Level 6.1(6.7) Staves
 - Level 1.5 Throwing
 - Level 3.2 Dodging
 + Level 3.3(3.8) Spellcasting


You had 8 spell levels left.
You knew the following spells:

 Your Spells              Type           Power      Damage    Failure   Level
a - Sting                 Tmut/Pois      40%        1d5       4%          1
b - Slow                  Hex            10%        N/A       6%          2
c - Static Discharge      Conj/Air       10%        N/A       12%         3
Your spell library was empty.

Dungeon Overview and Level Annotations

Branches:
Dungeon (6/15)             Temple (1/1) D:4

Altars:
Ashenzari
Cheibriados
Dithmenos
Elyvilon
Kikubaaqudgha
Qazlal
Ru
Sif Muna
Trog
Vehumet
Wu Jian
Yredelemnul
Zin

Shops:
D:1 [   D:4 !


Innate Abilities, Weirdness & Mutations

You are immune to poison.
Your flesh is very heat resistant. (rF++)
You are vulnerable to cold. (rC-)
You float through the air rather than walking.
You learn spells naturally, not from books.
Your magical power is your life essence.
You have superior vitality. (+4 HP)


Message History

Aiming: Slow (safe; 6% risk of failure)
Press: ? - help, Shift-Dir - straight line, f - wyvern zombie
Aim: a wyvern zombie (heavily damaged, chance to affect: 58%)
The wyvern zombie seems to slow down.
The wyvern zombie closely misses you.
You barely miss the wyvern zombie.
The wyvern zombie is heavily damaged.
You hit the wyvern zombie but do no damage.
The wyvern zombie is heavily damaged.
The wyvern zombie misses you.
You completely miss the wyvern zombie.
The wyvern zombie is heavily damaged.
The wyvern zombie bites you!
You hit the wyvern zombie but do no damage.
The wyvern zombie is heavily damaged.
The wyvern zombie bites you!
* * * LOW HITPOINT WARNING * * *
You barely miss the wyvern zombie.
The wyvern zombie is heavily damaged.
You hit the wyvern zombie.
The wyvern zombie is heavily damaged.
The wyvern zombie barely misses you.
You hit the wyvern zombie.
The wyvern zombie is severely damaged.
The wyvern zombie barely misses you.
You hit the wyvern zombie but do no damage.
The wyvern zombie is severely damaged.
The wyvern zombie barely misses you.
You hit the wyvern zombie.
The wyvern zombie is severely damaged.
You completely miss the wyvern zombie.
The wyvern zombie is severely damaged.
The wyvern zombie bites you!
* * * LOW HITPOINT WARNING * * *
You barely miss the wyvern zombie.
The wyvern zombie is severely damaged.
The wyvern zombie bites you but does no damage.
You hit the wyvern zombie.
The wyvern zombie is severely damaged.
The wyvern zombie bites you!
You die...

#### .... ...#. ..# ....
##..#.##..## ....
........). ....
#.#.......####. ###.
#.#............
#.#.#......?...
#.#.#.........$
###.######.#.#..@Z?#..
.##.#...................
...................###..
.##.#.....#......###
.##.#.......#.......#
.##.#####.#.#######.#
.##.......#.# #
.##..####.#.#
..........#.#


You could see a wyvern zombie (slow).

Vanquished Creatures
  A black bear (D:5)
  An ice beast (D:5)
  An ogre (D:5)
  2 phantoms
  A scorpion (D:5)
  A wyvern zombie (D:5)
  A centaur zombie (D:5)
  A jelly (D:4)
  3 hounds (D:5)
  An orc priest (D:5)
  A centaur skeleton (D:6)
  2 iguanas
  6 orc wizards
  A gnoll (D:2)
  6 adders
  2 worms (D:2)
  3 dart slugs
  18 orcs
  4 bats
  6 endoplasms
  4 giant cockroaches
  9 goblins
  8 hobgoblins
  10 jackals
  4 kobolds
  2 quokkas
  4 ball pythons
  3 frilled lizards
  8 rats
114 creatures vanquished.

Notes
Turn   | Place    | Note
-------+----------+-------------------------------------------
     0 | D:1      | rageheart7 the Djinni Gladiator began the quest for the
                  | Orb.
     0 | D:1      | Reached XP level 1. HP: 18/18 MP: 0/0
   139 | D:1      | Found Qenemig's Antique Armour Boutique.
   627 | D:1      | Reached XP level 2. HP: 23/23 MP: 0/0
   899 | D:1      | Found a faded altar of an unknown god.
  1122 | D:2      | Reached XP level 3. HP: 16/29 MP: 0/0
  1122 | D:2      | Learned a level 1 spell: Sting
  1714 | D:2      | Reached skill level 1 in Spellcasting
  2002 | D:2      | You are sucked into a shaft and drop 2 floors!
  2003 | D:4      | Found Lackenut's Distillery.
  2026 | D:4      | Reached XP level 4. HP: 35/35 MP: 0/0
  3449 | D:3      | Reached XP level 5. HP: 40/40 MP: 0/0
  3449 | D:3      | Learned a level 2 spell: Slow
  4134 | D:4      | Found a stormy altar of Qazlal.
  4313 | D:4      | Noticed a phantom
  4327 | D:4      | Killed a phantom
  4328 | D:4      | Reached XP level 6. HP: 41/48 MP: 0/0
  4352 | D:4      | Found a staircase to the Ecumenical Temple.
  4413 | Temple   | Entered the Ecumenical Temple
  4508 | Temple   | Became a worshipper of Ashenzari the Shackled
  4550 | D:5      | Entered Level 5 of the Dungeon
  4550 | D:5      | Noticed a black bear
  4760 | D:5      | Reached XP level 7. HP: 37/53 MP: 0/0
  4760 | D:5      | Learned a level 3 spell: Static Discharge
  4831 | D:5      | Reached skill level 5 in Fighting
  4831 | D:5      | Reached skill level 5 in Staves
  5225 | D:5      | Reached XP level 8. HP: 20/61 MP: 0/0
  5946 | D:6      | Slain by a wyvern zombie

Illustrated notes

Levels and vault maps discovered:
D:1:      dpeg_arrival_rhombus, layout_loops_ring, basic_ecumenical_altar,
          serial_shops, nicolae_shop_behind_doors, serial_glass,
          glass_columns_a, glass_columns_c, item_on_display_b, item_on_display_a
D:2:      layout_loops_ring, minivault_25, cheibrodos_gnoll_hut
D:3:      layout_loops_corners
D:4:      layout_cave_pools, nicolae_qazlal_eye_of_the_storm,
          minmay_temple_entry_glassed_door, serial_shops, shop
D:5:      layout_gridville, kiku_gazebo_pond_becter,
          ebering_dispersal_statue_hall
D:6:      layout_basic, grunt_temple_overflow_opulence, kennysheep_little_box,
          overflow_temple_1_default, serial_shops, kennysheep_mini,
          nicolae_shop_waterfront, shop, shop, chequers_serial_rivers_micro_c
Temple:   jpeg_temple_clearing

Skill      XL: |  1  2  3  4  5  6  7  8 |
---------------+-------------------------+-----
Staves         | 3 4 5 6 |  6.1
Fighting       | 3 4 5 6 |  6.4
Spellcasting   | 1 2 3 |  3.3
Throwing       | |  1.5
Dodging        | |  3.2

Action                   |  1- 3 |  4- 6 |  7- 9 || total
-------------------------+-------+-------+-------++-------
Melee: Quarterstaff      |    84 |   181 |       ||   265
       War axe           |       |    15 |       ||    15
       Staff             |       |       |   267 ||   267
 Cast: Sting             |    10 |    16 |    33 ||    59
       Slow              |       |       |     4 ||     4
       Static Discharge  |       |       |     2 ||     2
Invok: Curse Item        |       |       |     1 ||     1
  Use: Potion            |       |       |     4 ||     4
Armor: Leather armour    |    20 |       |       ||    20
       Plate armour      |     9 |    81 |       ||    90
       Troll leather arm |       |    49 |    93 ||   142
Dodge: Dodged            |    66 |   113 |   188 ||   367
Block: Buckler           |       |     4 |    44 ||    48

Table legend: (Time is in decaauts)
 A = Elapsed time spent in this place.
 B = Non-inter-level travel time spent in this place.
 C = Inter-level travel time spent in this place.
 D = Time resting spent in this place.
 E = Time spent auto-exploring this place.
 F = Levels seen in this place.
 G = Mean time per level.
                   A        B        C        D        E       F      G
               +--------+--------+--------+--------+--------+-----+--------+
         Total |   5968 |   5680 |    288 |     94 |   4436 |   7 |  852.6 |
       Dungeon |   5862 |   5602 |    260 |     94 |   4361 |   6 |  977.0 |
        Temple |    105 |     77 |     28 |      0 |     75 |   1 |  105.0 |
               +--------+--------+--------+--------+--------+-----+--------+

Top non-repeatable levels by time:
     D:2: 1537 daAuts
     D:5: 1193 daAuts
     D:1: 1107 daAuts
     D:3: 1075 daAuts
     D:4: 764 daAuts
     D:6: 184 daAuts
  Temple: 105 daAuts
